 Dungeon Crawl Stone Soup version 0.29-a0-542-g075992c915 (webtiles) character file.

Game seed: 1323758056817841279

27 oldmanjim the Chiller (level 3, -4/33 HPs)
             Began as an Ogre Ice Elementalist on June 3, 2022.
             Slain by a gnoll
             ... wielding a +0 halberd
              (11 damage)
             ... on level 2 of the Dungeon.
             The game lasted 00:07:34 (1745 turns).

oldmanjim the Chiller (Ogre Ice Elementalist)       Turns: 1745, Time: 00:07:36

Health: -4/33      AC:  3    Str: 12    XL:     3   Next: 10%
Magic:  7/7        EV:  5    Int: 18    God:
Gold:   42         SH:  0    Dex:  9    Spells: 6/7 levels left

rFire   . . .      SeeInvis +   a - +0 dagger
rCold   . . .      Faith    .   (no shield)
rNeg    . . .      Spirit   .   c - +0 robe
rPois   .          Reflect  .   (helmet restricted)
rElec   .          Harm     .   (no cloak)
rCorr   .          Rampage  .   (gloves unavailable)
Will    .....                   (boots unavailable)
Stlth   +.........              (no amulet)
HPRegen 0.11/turn               f - ring of see invisible
MPRegen 0.10/turn               (no ring)

@: held
A: large, unfitting armour, tough skin 1
a: no special abilities


You were on level 2 of the Dungeon.
You visited 1 branch of the dungeon, and saw 2 of its levels.

You collected 119 gold pieces.
You spent 77 gold pieces at shops.

Inventory:

Hand Weapons
 a - a +0 dagger (weapon)
Missiles
 h - 52 stones
Armour
 c - a +0 robe (worn)
Jewellery
 f - a ring of see invisible (left hand)
 j - a ring of protection from fire
Scrolls
 d - a scroll of enchant weapon {unknown}
 e - a scroll of fear {unknown}
 k - a scroll of blinking {unknown}
 p - a scroll of noise {unknown}
 q - a scroll of vulnerability {unknown}
Potions
 b - a potion of magic
 g - 2 potions of heal wounds {unknown}
 i - a potion of resistance {unknown}
 l - 4 potions of curing
 m - a potion of might
 n - a potion of invisibility {unknown}
 o - a potion of lignification {unknown}


   Skills:
 + Level 1.6 Fighting
 - Level 2.0 Dodging
 - Level 1.4 Stealth
 + Level 2.9 Spellcasting
 * Level 3.9 Ice Magic


You had 6 spell levels left.
You knew the following spells:

 Your Spells              Type           Power      Damage    Failure   Level
a - Freeze                Ice            64%        1d8       3%          1

Your spell library contained the following spells:

 Spells                   Type           Power      Damage    Failure   Level
 Frozen Ramparts          Ice            32%        1d5       10%         3
 Ozocubu's Armour         Ice            16%        N/A       10%         3
 Sting                    Tmut/Pois      8%         1d3       17%         1
 Poisonous Vapours        Pois/Air       4%         N/A       26%         2
 Hailstorm                Conj/Ice       9%         3d4       58%         4
 Olgreb's Toxic Radiance  Pois           2%         N/A       86%         4


Dungeon Overview and Level Annotations

Branches:
Dungeon (2/15)

Altars:

Shops:
D:1 !

Annotations:
D:2 Sigmund


Innate Abilities, Weirdness & Mutations

You are too large for most types of armour.
You have tough skin. (AC +1)


Message History

h - 52 stones (gained 24)
You enter the shallow water.
Moving in this stuff is going to be slow.
Partly explored, can't reach some places.
Partly explored, can't reach some places.
There is a stone staircase leading up here.
You climb upwards.
There is a stone staircase leading down here.
There is an escape hatch in the floor here.
There is a staircase leading out of the dungeon here.
There is an empty arch of ancient stone here.
There is a stone staircase leading down here.
You climb downwards.
Level annotation: Sigmund The goblin shouts!
You hear a shout!
A gnoll comes into view. It is wielding a +0 club.
Found a lumpy red potion and 15 stones.
There is a stone staircase leading up here.
A bat comes into view.
The bat moves out of view.
The goblin throws a throwing net.
The throwing net hits you.
You become entangled in the net!
The gnoll barely misses you.
There is a stone staircase leading up here.
You see here a throwing net.
You struggle against the net.
The gnoll barely misses you. The gnoll hits you with a +0 club.
You struggle against the net.
The gnoll hits you from afar with a +0 halberd!
The gnoll hits you from afar with a +0 halberd.
You shred the net and break free!
The goblin throws a throwing net.
The throwing net hits you.
You become entangled in the net!
The gnoll hits you with a +0 club. The gnoll barely misses you. x2
You tear a large gash into the net.
A ball python comes into view.
The gnoll hits you with a +0 club.
* * * LOW HITPOINT WARNING * * *
The gnoll hits you from afar with a +0 halberd.
* * * LOW HITPOINT WARNING * * *
The gnoll hits you from afar with a +0 halberd!
You die...

# #.#.....###(.
#.#..........
#............
####.........!..
#..........w...
......g.....+
............#
#g.@...#
#.gg...# ..
#.......# ..
......##.# ##
........# ..# ..
.......... ## ..
.........# ..
...S.....# ..


You could see a worm, 3 gnolls, a goblin and a ball python (wandering).

Vanquished Creatures
  A dart slug (D:1)
  3 bats (D:1)
  3 endoplasms (D:1)
  A giant cockroach (D:1)
  A goblin (D:1)
  2 hobgoblins (D:1)
  4 ball pythons (D:1)
  A frilled lizard (D:1)
  5 kobolds (D:1)
  A rat (D:1)
22 creatures vanquished.

Notes
Turn   | Place    | Note
-------+----------+-------------------------------------------
     0 | D:1      | oldmanjim the Ogre Ice Elementalist began the quest for the
                  | Orb.
     0 | D:1      | Reached XP level 1. HP: 16/16 MP: 3/3
   259 | D:1      | Found Juwkamun's Distillery.
   357 | D:1      | Reached XP level 2. HP: 26/26 MP: 3/5
   499 | D:1      | Reached skill level 1 in Fighting
  1207 | D:1      | Reached XP level 3. HP: 33/33 MP: 5/7
  1232 | D:1      | Bought a potion of curing for 33 gold pieces
  1232 | D:1      | Bought a potion of might for 44 gold pieces
  1422 | D:1      | Found a faded altar of an unknown god.
  1482 | D:2      | Noticed Sigmund
  1745 | D:2      | Slain by a gnoll

Illustrated notes

Levels and vault maps discovered:
D:1:      wander_arrival_desolate, layout_loops_corners,
          chequers_ecumenical_altar_grove, serial_shops, shop_statue,
          minmay_misc_feat_columns, minmay_unequal
D:2:      layout_rooms, serial_rivers, chequers_serial_rivers_small_3,
          chequers_serial_rivers_micro_d, chequers_serial_rivers_large_b,
          chequers_serial_rivers_micro_a, chequers_serial_rivers_room_a,
          uniq_sigmund

Skill      XL: |  1  2 |
---------------+-------+-----
Dodging        | 2 |  2.0
Fighting       | 1 |  1.6
Stealth        | |  1.4
Spellcasting   | |  2.9
Ice Magic      | |  3.9

Action                   || total
-------------------------++-------
Melee: Dagger            ||    40
 Cast: Freeze            ||    22
Armor: Robe              ||    18
Dodge: Dodged            ||    32

Table legend: (Time is in decaauts)
 A = Elapsed time spent in this place.
 B = Non-inter-level travel time spent in this place.
 C = Inter-level travel time spent in this place.
 D = Time resting spent in this place.
 E = Time spent auto-exploring this place.
 F = Levels seen in this place.
 G = Mean time per level.
                   A        B        C        D        E       F      G
               +--------+--------+--------+--------+--------+-----+--------+
         Total |   1772 |   1699 |     73 |      0 |   1505 |   2 |  886.0 |
       Dungeon |   1772 |   1699 |     73 |      0 |   1505 |   2 |  886.0 |
               +--------+--------+--------+--------+--------+-----+--------+

Top non-repeatable levels by time:
     D:1: 1525 daAuts
     D:2: 247 daAuts
